AoeStats
← DefeatWasCalculated

Glade

503381606Analyzed
1v1 RM · 1mo ago on Aug 31, 2026· 39m 54s· 2 players
Game mode
Random Map
Map size
Tiny (2 player)
Population
200
Speed
Normal
Resources
Standard
Victory
Conquest
Starting age
Dark Age
Ending age
Imperial Age
RankedLock teamsTeams togetherTeam positionsShared explorationLock speedFull tech treeHidden civsTurbo modeCheats
Victory
Defeat
758
+17
🇵🇪 Britons · Peru
775
-17
DefeatWasCalculated
8:22 Loom
10:21 Feudal Age
13:36 Double-Bit Axe
13:34 Horse Collar
17:13 Fletching
17:24 Scale Mail Armor
17:35 Forging
18:41 Gold Mining
22:08 Castle Age
23:37 Bow Saw
23:37 Heavy Plow
25:57 Gambesons
27:14 Arson
30:21 Ballistics
29:58 Murder Holes
30:37 Masonry
31:41 Squires
32:36 Bodkin Arrow
32:56 Chain Mail Armor
32:09 Elite Skirmisher
34:00 Gold Mining
34:02 Stone Mining
35:49 Wheelbarrow
37:02 Iron Casting
36:35 Guard Tower
38:02 Hand Cart
Phantom_Shizuka
7:45 Loom
9:58 Feudal Age
16:16 Castle Age
15:03 Fletching
16:07 Double-Bit Axe
16:12 Horse Collar
18:13 Bow Saw
18:21 Bodkin Arrow
23:40 Heavy Plow
23:53 Stone Mining
23:54 Gold Mining
25:54 Wheelbarrow
26:01 Gold Shaft Mining
29:12 Padded Archer Armor
29:53 Hand Cart
29:23 Town Watch
30:12 Leather Archer Armor
30:11 Man-at-Arms
30:43 Arson
34:22 Imperial Age
32:55 Yeomen
33:24 Pikeman
34:06 Squires
33:54 Gambesons
37:20 Bracer
Connection lost

Rejoining the realm…

Still unreachable

The connection could not be restored.

Session expired

The server has moved on; the page needs a fresh start.